 Dungeon Crawl Stone Soup version 0.19-a0-1201-gda63bca (webtiles) character file.

5656 mmcf the Grappler (level 10, -5/100 HPs)
             Began as a Troll Monk on Aug 20, 2016.
             Was a Priest of Ru.
             Engulfed by an ice statue's freezing vapour (13 damage)
             ... on level 9 of the Dungeon.
             The game lasted 00:19:51 (7920 turns).

mmcf the Grappler (Troll Monk)                      Turns: 7920, Time: 00:19:52

Health: -5/100     AC:  5    Str: 21    XL:     10   Next: 46%
Magic:  0/9        EV: 19    Int:  6    God:    Ru [***...]
Gold:   140        SH:  0    Dex: 15    Spells: 0 memorised, 9 levels left

rFire  . . .     SeeInvis .       - Unarmed
rCold  . . .     Gourm    +     a - +0 robe
rNeg   . . .     Faith    .     (no shield)
rPois  +         Spirit   +     (helmet restricted)
rElec  .         Dismiss  .     (no cloak)
rCorr  .         Reflect  .     (gloves unavailable)
MR     .....     Harm     .     (boots unavailable)
Stlth  ..........               r - amulet of guardian spirit
                                E - +5 ring of evasion
                                c - ring of poison resistance

@: no status effects
A: unfitting armour, claws 3, fast metabolism 3, gourmand, regeneration 1,
screaming 1, shaggy fur 1, tough skin 2, no stealth, hated by all, no charms
magic, no necromancy magic, no poison magic
a: Draw Out Power, Renounce Religion


You were on level 9 of the Dungeon.
You worshipped Ru.
Ru was most pleased with you.
You were full.

You visited 1 branch of the dungeon, and saw 10 of its levels.
You also visited: Ossuary.

You collected 554 gold pieces.
You spent 414 gold pieces at shops.

Inventory:

Hand Weapons
 i - a +0 giant club
 D - the +10 dark maul {crush}
   (You found it on level 6 of the Dungeon)

   It inflicts extra damage upon your enemies.
 G - the +6 spear of Kealoano {freeze, rF++ MR+}
   (You found it on level 6 of the Dungeon)

   It has been specially enchanted to freeze those struck by it, causing extra
   injury to most foes and up to half again as much damage against particularly
   susceptible opponents.
   It can also slow down cold-blooded creatures.
   It greatly protects you from fire.
   It affects your resistance to hostile enchantments.
 O - a +0 morningstar
Missiles
 f - 2 throwing nets
 o - 4 poisoned javelins (quivered)
 B - 29 poisoned needles
Armour
 a - a +0 robe (worn)
Rods
 b - a +1 iron rod (11/11)
   (You found it on level 8 of the Dungeon)
Jewellery
 c - a ring of poison resistance (left claw)
 r - an amulet of guardian spirit (around neck)
 C - an uncursed amulet of the gourmand {unknown}
 E - a +5 ring of evasion (right claw)
Wands
 y - a wand of acid (8/15)
 L - a wand of lightning (10/15)
Scrolls
 e - 4 scrolls of remove curse
 u - a scroll of magic mapping {unknown}
 w - 5 scrolls of teleportation
 A - 2 scrolls of fear
 F - a scroll of enchant armour {unknown}
 H - 2 scrolls of recharging
 I - a scroll of immolation {unknown}
 P - 3 scrolls of identify
 S - a scroll of fog
Potions
 d - 6 potions of curing
 h - 2 potions of cancellation
 j - 2 potions of heal wounds
 k - 3 potions of mutation
 l - 2 potions of cure mutation
 m - 4 potions of flight
 n - a potion of invisibility
 q - a potion of agility
 s - 2 potions of lignification
 v - 4 potions of ambrosia
 J - a potion of might
 K - 3 potions of haste
Books
 g - a book of Unlife

   Spells                             Type                      Level
   a - Recall                         Summoning/Translocation      3
   b - Animate Dead                   Necromancy                   4
   c - Control Undead                 Necromancy                   4
   d - Cigotuvi's Embrace             Necromancy                   5
   e - Death Channel                  Necromancy                   6
   f - Simulacrum                     Ice/Necromancy               6
 R - a book of Enchantments

   Spells                             Type                      Level
   a - Cause Fear                     Hexes                        4
   b - Yara's Violent Unravelling     Hexes/Transmutation          5
   c - Silence                        Hexes/Air                    5
   d - Deflect Missiles               Charms/Air                   6
   e - Haste                          Charms                       6
   f - Discord                        Hexes                        8
 T - a book of Misfortune

   Spells                             Type                      Level
   a - Confusing Touch                Hexes                        1
   b - Confuse                        Hexes                        3
   c - Gell's Gravitas                Hexes/Translocation          3
   d - Petrify                        Transmutation/Earth          4
   e - Metabolic Englaciation         Hexes/Ice                    5
   f - Yara's Violent Unravelling     Hexes/Transmutation          5
Miscellaneous
 x - a phantom mirror
Comestibles
 p - 10 meat rations
 t - 7 fruits
 z - 3 beef jerkies
 M - a royal jelly
 N - a slice of pizza
 Q - 12 bread rations


   Skills:
 + Level 6.9 Fighting
 + Level 6.9 Dodging
 + Level 11.6 Unarmed Combat


You had 9 spell levels left.
You didn't know any spells.

Dungeon Overview and Level Annotations

Branches:
Dungeon (10/15)            Temple (0/1) D:6
   Lair: D:8-11         Orc: D:9-12

Altars:
Cheibriados
Elyvilon
Fedhas
Hepliaklqana
Makhleb
Okawaru
Ru
Uskayaw
Xom
Yredelemnul
The Shining One

Shops:
D:6 *:(   D:10 ?

Annotations:
D:9 exclusion: ice statue


Innate Abilities, Weirdness & Mutations

You are too large for most types of armour.
You have claws for hands.
Your metabolism is lightning-fast.
You like to eat raw meat.
Your natural rate of healing is unusually fast.
You occasionally shout uncontrollably at your foes.
You are covered in fur. (AC +1)
You have very tough skin. (AC +2)
You cannot be stealthy.
You are hated by all.
You cannot study or cast Charms magic.
You cannot study or cast Necromancy magic.
You cannot study or cast Poison magic.


Message History

The ice beast misses you.
You scratch the ice statue.
The ice statue is severely damaged.
You are engulfed in freezing vapours.
You mangle the ice statue!!
The ice statue is almost destroyed.
You are engulfed in freezing vapours.
The ice beast hits you. The ice beast freezes you! The ice beast hits you.
The ice beast freezes you!
* * * LOW HITPOINT WARNING * * *
The ice beast misses you.
You scratch the ice statue.
The ice statue is almost destroyed.
You are engulfed in freezing vapours.
* * * LOW HITPOINT WARNING * * *
The ice beast hits you but does no damage. x2
The ice beast misses you.
You barely miss the ice statue.
The ice statue is almost destroyed.
You are engulfed in freezing vapours.
You die...

#.## #.# ##.## #...# #.
...##
#.###...#######...### #.
....#
#..#.....##.........###.
...##
#..##.....#.###.........
#.########...##......#
#####.####
#.............##.....#
#.####
...#######.....##....#
#..... #.##
#.....Y##...# ###### #.#
#.#..§Y@##..# ##### #.#
####.§8Y§#.## #.... #.#
##..§#### #.### #.#
##)## #.# #.## ### #.# #
...# #.# # #### #.# #
##### ######.### ##A##
#.........


You could see an ice statue and 3 ice beasts.

Vanquished Creatures
  An orange crystal statue (D:9)
  A hill giant (D:10)
  Pikel (D:6)
  A merfolk (D:9)
  Prince Ribbit (D:5)
  The ghost of truemonolith the Skirmisher, an amateur DrMo (D:3)
  Eustachio (D:6)
  A hungry ghost (D:7)
  Menkaure (D:4)
  A water moccasin (D:7)
  A sky beast (D:7)
  3 orc warriors
  4 ice beasts
  2 phantoms (D:9)
  4 slaves (D:6)
  A black bear (D:7)
  A wasp (D:8)
  An ogre (D:8)
  2 centaurs
  A crocodile (D:4)
  2 scorpions
  5 killer bees (D:8)
  A howler monkey (D:5)
  4 crimson imps (D:8)
  2 centaur zombies
  3 giant frog skeletons
  3 hounds (D:8)
  5 orc wizards
  A quasit (D:8)
  6 orc priests
  3 iguanas
  8 worker ants
  Ijyb (D:2)
  A big kobold zombie (Ossuary)
  A hound skeleton (D:4)
  3 mummies
  12 adders
  3 gnolls (D:4)
  A shadow imp (D:6)
  An ooze (D:2)
  3 adder zombies (Ossuary)
  3 worms
  A dart slug (D:2)
  5 giant geckos
  33 orcs
  3 giant cockroaches
  7 goblins
  7 hobgoblins
  9 jackals
  3 quokkas
  5 bats
  2 giant gecko zombies
  5 giant newts
  A goblin zombie (Ossuary)
  8 hobgoblin zombies (Ossuary)
  2 jackal zombies (Ossuary)
  5 kobolds
  12 kobold zombies (Ossuary)
  7 orc zombies (Ossuary)
  9 rats
  2 rat zombies (Ossuary)
228 creatures vanquished.

Vanquished Creatures (others)
  An ogre (D:4)
1 creature vanquished.

Grand Total: 229 creatures vanquished

Notes
Turn   | Place    | Note
-------+----------+-------------------------------------------
     0 | D:1      | mmcf the Troll Monk began the quest for the Orb.
     0 | D:1      | Reached XP level 1. HP: 22/22 MP: 0/0
   172 | D:2      | Reached XP level 2. HP: 29/29 MP: 1/1
   376 | D:2      | Reached skill level 4 in Unarmed Combat
   720 | D:3      | Reached XP level 3. HP: 36/36 MP: 2/2
   783 | D:2      | Noticed Ijyb
   788 | D:2      | Killed Ijyb
   981 | D:2      | Reached XP level 4. HP: 41/44 MP: 3/3
  1086 | D:2      | Reached skill level 5 in Unarmed Combat
  1313 | D:3      | Noticed truemonolith's ghost (amateur DrMo)
  1324 | D:3      | Killed truemonolith's ghost
  1324 | D:3      | Reached skill level 6 in Unarmed Combat
  1324 | D:3      | Reached XP level 5. HP: 23/50 MP: 1/4
  1402 | D:4      | Found a sacrificial altar of Ru.
  1416 | D:4      | Became a worshipper of Ru the Awakened
  1436 | D:4      | Gained mutation: You cannot study or cast Poison magic. [Ru sacrifice]
  1436 | D:4      | Gained mutation: You cannot study or cast Necromancy magic. [Ru sacrifice]
  1436 | D:4      | Gained mutation: You cannot study or cast Charms magic. [Ru sacrifice]
  1436 | D:4      | Reached * piety under Ru
  1450 | D:4      | Reached XP level 6. HP: 46/59 MP: 3/5
  1525 | D:4      | Reached skill level 7 in Unarmed Combat
  1543 | D:4      | Noticed Menkaure
  1549 | D:4      | Found a sand-covered staircase.
  1580 | Ossuary  | Entered an ossuary
  1958 | D:4      | Found an iron altar of Okawaru.
  1973 | D:4      | Killed Menkaure
  1973 | D:4      | Reached skill level 8 in Unarmed Combat
  1973 | D:4      | Reached XP level 7. HP: 36/66 MP: 2/6
  2225 | D:5      | Entered Level 5 of the Dungeon
  3139 | D:4      | Found a burning altar of Makhleb.
  3229 | D:4      | Found a hazy altar of Hepliaklqana.
  3230 | D:4      | Found a shimmering altar of Xom.
  3231 | D:4      | Noticed a hungry ghost
  3231 | D:4      | Noticed a spectral ugly thing
  3231 | D:4      | Noticed a hungry ghost
  3442 | D:5      | Reached XP level 8. HP: 70/75 MP: 7/7
  3477 | D:5      | Gained mutation: You are hated by all. [Ru sacrifice]
  3477 | D:5      | Reached ** piety under Ru
  3545 | D:5      | Reached skill level 9 in Unarmed Combat
  3551 | D:5      | Noticed Prince Ribbit
  3560 | D:5      | Killed Prince Ribbit
  3806 | D:6      | Found Zyoq's Assorted Antiques.
  4167 | D:6      | Noticed Eustachio
  4288 | D:6      | Killed Eustachio
  4444 | D:6      | Found a staircase to the Ecumenical Temple.
  4449 | D:6      | Reached skill level 10 in Unarmed Combat
  4513 | D:6      | Found Ihafiam's Book Emporium.
  4558 | D:6      | Noticed Pikel
  4570 | D:6      | Killed Pikel
  4570 | D:6      | Reached XP level 9. HP: 82/87 MP: 4/8
  4615 | D:6      | Got an encrusted spear
  4616 | D:6      | Identified the +6 spear of Kealoano {freeze, rF++ MR+} (You found it on level 6 of the Dungeon)
  4628 | D:6      | Found Ifus's Weapon Shop.
  5059 | D:6      | Reached skill level 5 in Dodging
  5274 | D:6      | Bought a scroll of identify for 54 gold pieces
  5274 | D:6      | Bought a scroll labeled FOMUFFAILY for 27 gold pieces
  5274 | D:6      | Bought a scroll of identify for 54 gold pieces
  5274 | D:6      | Bought a white potion for 24 gold pieces
  5274 | D:6      | Bought a bubbling white potion for 24 gold pieces
  5350 | D:6      | Reached skill level 5 in Fighting
  5567 | D:7      | Gained mutation: You cannot be stealthy. [Ru sacrifice]
  5674 | D:7      | Found a snail-covered altar of Cheibriados.
  5821 | D:7      | Found a white marble altar of Elyvilon.
  5973 | D:7      | Reached skill level 11 in Unarmed Combat
  6598 | D:8      | Reached XP level 10. HP: 92/98 MP: 6/9
  6856 | D:8      | Found a blossoming altar of Fedhas.
  6856 | D:8      | Found a hide-covered altar of Uskayaw.
  6890 | D:9      | Found a blossoming altar of Fedhas.
  7133 | D:10     | Entered Level 10 of the Dungeon
  7177 | D:9      | Gained mutation: You occasionally shout uncontrollably at your foes. [Ru sacrifice]
  7177 | D:9      | Reached *** piety under Ru
  7511 | D:9      | Found a basalt altar of Yredelemnul.
  7514 | D:9      | Noticed a profane servitor
  7530 | D:9      | Found a glowing golden altar of the Shining One.
  7532 | D:9      | Noticed an angel
  7554 | D:10     | Found Wuokkaon's Magic Scroll Emporium.
  7554 | D:10     | Noticed a hill giant
  7560 | D:10     | Killed a hill giant
  7572 | D:10     | Bought a scroll of teleportation for 42 gold pieces
  7572 | D:10     | Bought a scroll of recharging for 133 gold pieces
  7572 | D:10     | Bought a scroll of identify for 28 gold pieces
  7572 | D:10     | Bought a scroll of identify for 28 gold pieces
  7770 | D:9      | Noticed an orange crystal statue
  7788 | D:9      | Killed an orange crystal statue
  7905 | D:9      | Noticed an ice statue
  7920 | D:9      | Engulfed by an ice statue's freezing vapour

Vault maps used:
D:1:      matt_arrival_los_fun
D:2:      uniq_iyjb
D:4:      regret_index_temple_of_mockery, nicolae_ru_awakened_eye,
          lightli_temple_of_fire, okawaru_gym_becter, gup_ossuary_entry_pyramid,
          first_bread, minmay_checkerbox, uniq_menkaure
D:5:      uniq_prince_ribbit1
D:6:      serial_shops, nicolae_shop_waterfront, nicolae_shop_trees, shop,
          uniq_pikel, uniq_eustachio
D:7:      lemuel_doored_altar, nicolae_overflow_crystal_walls
D:8:      gammafunk_temple_overflow_wave
D:9:      minmay_separated_statues, grunt_temple_overflow_holy_war,
          hangedman_fish_farm, minmay_crystal_water, fedhas_altar_3
D:10:     serial_shops, nicolae_shop_statue_plus, xom_shifter_show
Ossuary:  ossuary_tomb_1

Skill      XL: |  1  2  3  4  5  6  7  8  9 |
---------------+----------------------------+-----
Unarmed Combat | 4 6 8 10 11 | 11.6
Dodging        | 3 4 6 |  6.9
Fighting       | 3 4 6 |  6.9
Stealth        | 0 |  0.0

Action                   |  1- 3 |  4- 6 |  7- 9 | 10-12 || total
-------------------------+-------+-------+-------+-------++-------
Melee: Unarmed           |    83 |   177 |   298 |   104 ||   662
       Punch             |     1 |     8 |    11 |     8 ||    28
Invok: Sacrifice Arcana  |       |     1 |       |       ||     1
       Sacrifice Love    |       |       |     1 |       ||     1
       Sacrifice Stealth |       |       |     1 |       ||     1
       Sacrifice Purity  |       |       |       |     1 ||     1
Evoke: Rod               |       |       |     1 |       ||     1
  Use: Scroll            |       |    13 |     6 |       ||    19
 Stab: Sleeping          |     1 |       |     2 |       ||     3
       Invisible         |       |       |     2 |     1 ||     3
       Distracted        |       |       |       |     1 ||     1
  Eat: Chunk             |    14 |    10 |    42 |    10 ||    76
Armor: Robe              |    37 |    43 |    40 |    12 ||   132
Dodge: Dodged            |    37 |    81 |   143 |    76 ||   337
